 Dungeon Crawl Stone Soup version 0.31.0-32-g396128a36d (webtiles) character file.

Game seed: 17508933407399300161

22075 unlimited1921 the Skirmisher (level 12, -3/92 HPs)
             Began as a Gnoll Fire Elementalist on Apr 24, 2024.
             Killed by divine providence
             ... invoked by a meliai
              (8 damage)
             ... on level 12 of the Dungeon.
             The game lasted 01:51:29 (29469 turns).

unlimited1921 the Skirmisher (GnFE)                Turns: 29469, Time: 01:51:30

Health: -3/92      AC: 35    Str: 10    XL:     12   Next: 96%
Magic:  0/25       EV:  8    Int: 20    God:
Gold:   1738       SH:  0    Dex: 15    Spells: 16/30 levels left

rFire   + . .        t - +7 long sword of Ressotep {pain, rF+ Dex+3}
rCold   . . .        (no shield)
rNeg    . . .        A - +18 Lear's hauberk
rPois   +            (helmet currently unavailable)
rElec   +            o - +1 cloak
rCorr   +            (gloves currently unavailable)
SInv    .            (boots currently unavailable)
Will    .....        g - amulet of guardian spirit
Stlth   ++           L - ring of Rocac {rElec AC+4}
HPRegen 0.35/turn    y - ring "Cifun" {rElec rPois rCorr Str+2}
MPRegen 0.19/turn

%: guardian spirit
@: studying Ranged Weapons
A: fangs 1, strong nose, distributed training
a: no special abilities


You were on level 12 of the Dungeon.
You visited 2 branches of the dungeon, and saw 13 of its levels.
You also visited: Bailey.

You collected 1738 gold pieces.

Inventory:

Hand Weapons
 n - a +3 spear of flaming
 t - the +7 long sword of Ressotep (weapon) {pain, rF+ Dex+3}
   (You found it on level 3 of the Dungeon)

   Dex+3:     It affects your dexterity (+3).
   rF+:       It protects you from fire.
 D - a +1 flail of protection
 E - a +2 falchion of electrocution
Missiles
 i - 24 poisoned darts (quivered)
 q - 4 atropa-tipped darts
 H - 26 boomerangs
Armour
 o - a +1 cloak (worn)
 w - the +1 pair of boots "Caneip" {Will++ Str+3 Int+5}
   (You acquired it on level 12 of the Dungeon)

   Str+3:     It affects your strength (+3).
   Int+5:     It affects your intelligence (+5).
   Will++:    It greatly increases your willpower.
 x - a +2 hat of intelligence
 A - the +18 Lear's hauberk (worn)
   (You found it on level 5 of the Dungeon)
 K - a +2 robe of cold resistance
 M - the +4 robe of Folly {Brill Will-∞ Int+8}
   (You took it off a gnoll on level 8 of the Dungeon)

   Brill:     It increases the power of your magical spells and halves their MP
   cost (rounding up).
   Will-∞: It reduces your willpower to zero.
   Int+8:     It affects your intelligence (+8).
 P - the +0 robe of Proximity {MP+9 Slay+3 Archmagi}
   (You took it off a kobold in a bailey)

   Slay+3:    It affects your accuracy & damage with ranged weapons and melee
   (+3).
   MP+9:      It affects your magic capacity (+9).
   Archmagi:  It increases the power of your magical spells.
 Q - the +2 ring mail of the Imp {rF+}
   (You took it off an orc priest on level 8 of the Dungeon)

   rF+:       It protects you from fire.
 U - the +0 pair of boots "Jupoasch" {rC+ Int+2 Dex+6}
   (You found it in a bailey)

   Int+2:     It affects your intelligence (+2).
   Dex+6:     It affects your dexterity (+6).
   rC+:       It protects you from cold.
 X - a +4 scale mail
 Y - the +1 helmet "Sounkuf" {rElec}
   (You found it on level 11 of the Dungeon)

   rElec:     It insulates you from electricity.
Jewellery
 g - an amulet of guardian spirit (around neck)
 y - the ring "Cifun" (right hand) {rElec rPois rCorr Str+2}
   (You took it off a kobold in a bailey)

   [ring of resist corrosion]

   Str+2:     It affects your strength (+2).
   rElec:     It insulates you from electricity.
   rPois:     It protects you from poison rCorr: It protects you from acid and
   corrosion.
 C - a +6 ring of intelligence
 L - the ring of Rocac (left hand) {rElec AC+4}
   (You found it on level 8 of the Dungeon)

   [ring of protection]

   AC+4:      It affects your AC (+4).
   rElec:     It insulates you from electricity.
 V - a ring of flight
Wands
 z - a wand of charming (13)
 Z - a wand of flame (7)
Scrolls
 a - a scroll of summoning
 c - 2 scrolls of fog
 d - a scroll of revelation
 f - 4 scrolls of poison
 h - 5 scrolls of teleportation
 k - 2 scrolls of enchant armour
 m - 2 scrolls of blinking
 r - 2 scrolls of immolation
 s - a scroll of amnesia
 u - 2 scrolls of enchant weapon
 F - 2 scrolls of brand weapon
 J - a scroll of acquirement
Potions
 b - 3 potions of magic
 e - a potion of might
 j - 2 potions of haste
 l - 2 potions of invisibility
 v - 5 potions of mutation
 B - 3 potions of curing
 G - a potion of degeneration {unknown}
 O - a potion of attraction {unknown}
 R - 3 potions of resistance {unknown}
 S - 2 potions of cancellation {unknown}
 T - 4 potions of enlightenment
Miscellaneous
 W - a phial of floods


   Skills:
 + Level 8.1 Fighting
 + Level 8.1 Short Blades
 + Level 8.1 Long Blades
 + Level 8.1 Axes
 + Level 8.1 Maces & Flails
 + Level 8.1 Polearms
 + Level 8.1 Staves
 + Level 11.1 Ranged Weapons
 + Level 8.1 Throwing
 + Level 8.1 Armour
 + Level 9.3 Dodging
 + Level 9.2 Stealth
 + Level 8.1 Shields
 + Level 8.1 Unarmed Combat
 + Level 9.6 Spellcasting
 + Level 7.1 Conjurations
 + Level 6.7 Hexes
 + Level 6.7 Summonings
 + Level 6.7 Necromancy
 + Level 6.7 Translocations
 + Level 8.7 Fire Magic
 + Level 6.7 Ice Magic
 + Level 6.7 Air Magic
 + Level 6.7 Earth Magic
 + Level 6.7 Alchemy
 + Level 8.8 Invocations
 + Level 8.1 Evocations
 + Level 7.3 Shapeshifting


You had 16 spell levels left.
You knew the following spells:

 Your Spells              Type           Power      Damage    Failure   Level
a - Foxfire               Conj/Fire      100%       2x1d9     7%          1
b - Scorch                Fire           88%        2d8       7%          2
c - Iskenderun's Mystic   Conj/Tloc      37%        2d9       71%         4
d - Inner Flame           Hex/Fire       40%        N/A       22%         3
e - Fulminant Prism       Conj/Alch      18%        3d10      71%         4

Your spell library contained the following spells:

 Spells                   Type           Power      Damage    Failure   Level
 Apportation              Tloc           72%        N/A       11%         1
 Necrotise                Necr           100%       1d9       11%         1
 Slow                     Hex            100%       N/A       11%         1
 Summon Small Mammal      Summ           100%       N/A       11%         1
 Cigotuvi's Dreadful Rot  Necr/Alch/Air  72%        N/A       17%         2
 Volatile Blastmotes      Fire/Tloc      80%        2d16      22%         3
 Confusing Touch          Hex            36%        N/A       32%         3
 Sigil of Binding         Hex            36%        N/A       32%         3
 Vampiric Draining        Necr           36%        2d8       32%         3
 Flame Wave               Conj/Fire      41%        2d11      54%         4
 Ignite Poison            Fire/Alch      40%        N/A       58%         4
 Freezing Cloud           Conj/Ice/Air   18%        6-21      96%         5


Dungeon Overview and Level Annotations

Branches:
Dungeon (12/15)            Temple (1/1) D:4            Lair (0/5) D:10
    Orc (0/2) D:11         Bailey (visited)

Altars:
Ashenzari
Cheibriados
Dithmenos
Elyvilon
Fedhas
Gozag
Hepliaklqana
Kikubaaqudgha
Makhleb
Nemelex Xobeh
Okawaru
Qazlal
Ru
Sif Muna
Trog
Uskayaw
Vehumet
Wu Jian
Xom
Yredelemnul
Zin
The Shining One

Shops:
D:12 (

Annotations:
D:9 1 runed translucent door, markshark's ghost, novice MiFi
D:11 3 runed translucent doors, 0gre's ghost, journeyman GnIE


Innate Abilities, Weirdness & Mutations

You have very sharp teeth.
Your uncanny sense of smell can sniff out nearby items.
Your experience applies equally to all skills.


Message History

You feel sick. The meliai hits you with a +0 war axe.
The meliai closely misses you.
The meliai mumbles some strange prayers to its god against you.
Something smites you!
* * * LOW HITPOINT WARNING * * *
The meliai barely misses you.
The meliai stings you but does no damage.
Casting: Scorch (safe; 7% risk of failure)
Confirm with . or Enter, or press ? or * to list all spells.
Flames lash the killer bee.
The killer bee is heavily wounded.
The killer bee's fire resistance burns away.
You feel sick. The meliai closely misses you.
The meliai stings you but does no damage.
The meliai hits you but does no damage.
The meliai stings you but does no damage.
Casting: Scorch (safe; 7% risk of failure)
Confirm with . or Enter, or press ? or * to list all spells.
Flames lash the killer bee.
The killer bee is heavily wounded.
The killer bee's fire resistance burns away.
You feel sick. The meliai hits you with a +0 war axe.
* * * LOW HITPOINT WARNING * * *
The meliai barely misses you.
The meliai mumbles some strange prayers to its god against you.
Something smites you!
* * * LOW HITPOINT WARNING * * *
The meliai hits you but does no damage. The meliai closely misses you.
Unknown command.
Blink to where?
Press: ? - help, Dir - move target
As you read the scroll of blinking, it crumbles to dust.
You feel sick.
The meliai calls upon its god to heal something.
As you read the scroll of summoning, it crumbles to dust.
Wisps of shadow whirl around you...
You feel sick.
You are no longer poisoned.
The meliai mumbles some strange prayers to its god against you.
Something smites you!
You die...

#### ########.## #...####.###.
...### #.........# #.....#.##...
...'<###...<.....# #............
...#...#.........####y.....†..'..
...###.#.........#.y†y......†.###
...# #...........#y##y......).#
...# ###.......h.#.#######+####
...# #......x..h.# ####
#........@### #####.##### ##..#
#### #..## ...#### ##.#######
...'..###.........
...##...#.........
...####........... ...#
###.........


You could see a meliai (ally target), a killer bee (combustible), a friendly
unseen horror (summoned, wandering, invisible) and 2 friendly howler monkeys.

Vanquished Creatures
  Gastronok (D:11)
  6 two-headed ogres
  Pikel (D:8)
  A cyclops (D:11)
  2 ugly things (D:12)
  The ghost of jimmypageman the Chopper, a novice GrFi (D:5)
  A meliai (D:12)
  An ice statue (D:10)
  An unseen horror (D:12)
  A kobold demonologist (D:8)
  2 trolls (D:10)
  A hornet (D:8)
  5 slime creatures (D:12)
  19 yaks
  2 vampires
  2 wyverns
  2 steam dragons
  Eustachio (D:5)
  3 vampire mosquitoes (D:11)
  A water moccasin (D:6)
  12 ogres
  15 orc warriors
  2 sky beasts (D:7)
  An ice beast (D:7)
  3 black bears
  A wolf (D:8)
  2 centaurs (D:9)
  6 kobold brigands
  4 bullfrogs
  Blork the orc (D:4)
  5 gnoll sergeants
  3 scorpions
  A wight (D:8)
  19 killer bees
  An oklob sapling (D:4)
  4 bombardier beetles
  16 howler monkeys
  2 electric eels (D:11)
  3 jellies
  14 orc priests
  13 hounds
  A sleepcap (D:7)
  Crazy Yiuf (D:2)
  5 gnoll boudas
  Terence (D:3)
  Ijyb (D:5)
  2 iguanas
  26 orc wizards
  Robin (D:4)
  7 adders
  24 gnolls
  A shadow imp (D:7)
  2 white imps
  The ghost of flammie80 the Sneak, a weakling FoDe (D:5)
  3 dart slugs
  2 ribbon worms (D:2)
  58 orcs
  10 endoplasms
  5 giant cockroaches
  18 goblins
  12 hobgoblins
  5 jackals
  2 quokkas (D:5)
  7 ball pythons
  4 bats
  5 frilled lizards
  27 kobolds
  2 rats
415 creatures vanquished.

Vanquished Creatures (collateral kills)
  A gnoll bouda (D:8)
  12 foxfires (D:4)
13 creatures vanquished.

Vanquished Creatures (others)
  A hound (D:8)
  An orc wizard (D:7)
  490 foxfires
492 creatures vanquished.

Grand Total: 920 creatures vanquished

Notes
Turn   | Place    | Note
-------+----------+-------------------------------------------
     0 | D:1      | unlimited1921 the Gnoll Fire Elementalist began the quest
                  | for the Orb.
     0 | D:1      | Reached XP level 1. HP: 13/13 MP: 6/6
   960 | D:1      | Reached XP level 2. HP: 19/19 MP: 5/7
   965 | D:1      | Learned a level 2 spell: Scorch
  2224 | D:1      | Reached skill level 5 in Spellcasting
  2224 | D:1      | Reached XP level 3. HP: 25/25 MP: 5/9
  3251 | D:2      | Reached skill level 1 in Invocations
  3767 | D:2      | Found a faded altar of an unknown god.
  4231 | D:2      | Reached skill level 1 in Fighting
  4231 | D:2      | Reached skill level 1 in Short Blades
  4231 | D:2      | Reached skill level 1 in Long Blades
  4231 | D:2      | Reached skill level 1 in Axes
  4231 | D:2      | Reached skill level 1 in Maces & Flails
  4231 | D:2      | Reached skill level 1 in Polearms
  4231 | D:2      | Reached skill level 1 in Staves
  4231 | D:2      | Reached skill level 1 in Ranged Weapons
  4231 | D:2      | Reached skill level 1 in Throwing
  4231 | D:2      | Reached skill level 1 in Armour
  4231 | D:2      | Reached skill level 1 in Shields
  4231 | D:2      | Reached skill level 1 in Unarmed Combat
  4231 | D:2      | Reached skill level 1 in Evocations
  4561 | D:2      | Found a runed translucent door.
  4562 | D:2      | Noticed Crazy Yiuf
  4568 | D:2      | Killed Crazy Yiuf
  4569 | D:2      | Reached skill level 1 in Hexes
  4569 | D:2      | Reached skill level 1 in Summonings
  4569 | D:2      | Reached skill level 1 in Necromancy
  4569 | D:2      | Reached skill level 1 in Translocations
  4569 | D:2      | Reached skill level 1 in Ice Magic
  4569 | D:2      | Reached skill level 1 in Air Magic
  4569 | D:2      | Reached skill level 1 in Earth Magic
  4569 | D:2      | Reached skill level 1 in Alchemy
  4569 | D:2      | Reached skill level 1 in Shapeshifting
  4569 | D:2      | Reached XP level 4. HP: 32/32 MP: 3/11
  5334 | D:3      | Reached XP level 5. HP: 37/37 MP: 7/12
  6459 | D:3      | Noticed Terence
  6466 | D:3      | Killed Terence
  6613 | D:3      | Identified the +7 long sword of Ressotep {pain, rF+ Dex+3}
  7223 | D:4      | Noticed Blork the orc
  7257 | D:4      | Killed Blork the orc
  7258 | D:4      | Reached skill level 2 in Ranged Weapons
  7258 | D:4      | Reached skill level 5 in Dodging
  7258 | D:4      | Reached XP level 6. HP: 38/44 MP: 3/14
  7467 | D:4      | Reached XP level 7. HP: 41/50 MP: 3/15
  7654 | D:4      | Noticed Robin
  7656 | D:4      | Killed Robin
  8836 | D:4      | Reached skill level 5 in Stealth
  8875 | D:4      | Found a staircase to the Ecumenical Temple.
  9144 | Temple   | Found a transporter.
  9144 | Temple   | Found a transporter.
  9144 | Temple   | Found a transporter.
  9144 | Temple   | Found a transporter.
  9144 | Temple   | Entered the Ecumenical Temple
  9536 | D:4      | Reached skill level 3 in Ranged Weapons
  9768 | D:5      | Entered Level 5 of the Dungeon
  9935 | D:5      | Learned a level 4 spell: Iskenderun's Mystic Blast
  9939 | D:5      | Learned a level 3 spell: Inner Flame
  9944 | D:5      | Learned a level 4 spell: Fulminant Prism
  9961 | D:5      | Noticed Eustachio
  9976 | D:5      | Reached XP level 8. HP: 58/58 MP: 4/16
 10077 | D:5      | Killed Eustachio
 10392 | D:5      | Noticed Ijyb
 10396 | D:5      | Killed Ijyb
 10660 | D:5      | Found the +18 Lear's hauberk
 10801 | D:5      | Reached skill level 4 in Ranged Weapons
 10979 | D:5      | Found a runed translucent gate.
 10979 | D:5      | Found a runed translucent gate.
 10979 | D:5      | Found a runed translucent gate.
 10983 | D:5      | Noticed flammie80's ghost (weakling FoDe)
 10983 | D:5      | Noticed jimmypageman's ghost (novice GrFi)
 11639 | D:6      | Reached XP level 9. HP: 55/65 MP: 18/18
 11681 | D:6      | Reached skill level 5 in Ranged Weapons
 12161 | D:6      | Got So You Want to Learn Witchcraft
 12491 | D:7      | Found a white marble altar of Elyvilon.
 12520 | D:7      | Found a broken altar of Ashenzari.
 12840 | D:7      | Reached skill level 6 in Ranged Weapons
 12840 | D:7      | Reached skill level 5 in Invocations
 13465 | D:7      | Reached skill level 5 in Fighting
 13465 | D:7      | Reached skill level 5 in Short Blades
 13465 | D:7      | Reached skill level 5 in Long Blades
 13465 | D:7      | Reached skill level 5 in Axes
 13465 | D:7      | Reached skill level 5 in Maces & Flails
 13465 | D:7      | Reached skill level 5 in Polearms
 13465 | D:7      | Reached skill level 5 in Staves
 13465 | D:7      | Reached skill level 5 in Throwing
 13465 | D:7      | Reached skill level 5 in Armour
 13465 | D:7      | Reached skill level 5 in Shields
 13465 | D:7      | Reached skill level 5 in Unarmed Combat
 13465 | D:7      | Reached skill level 5 in Evocations
 13465 | D:7      | Reached XP level 10. HP: 71/74 MP: 20/20
 14320 | D:8      | Found a basalt altar of Yredelemnul.
 14377 | D:8      | Reached skill level 7 in Ranged Weapons
 14740 | D:8      | Identified the ring of Rocac {rElec AC+4}
 14832 | D:8      | Reached skill level 5 in Conjurations
 15109 | D:8      | Reached skill level 5 in Shapeshifting
 15384 | D:8      | Found a shimmering blue altar of Sif Muna.
 15686 | D:8      | Identified the +2 ring mail of the Imp {rF+}
 16049 | D:8      | Noticed Pikel
 16069 | D:8      | Killed Pikel
 16342 | D:8      | Reached skill level 8 in Ranged Weapons
 16442 | D:8      | Noticed a kobold demonologist
 17013 | D:8      | Reached skill level 5 in Hexes
 17013 | D:8      | Reached skill level 5 in Summonings
 17013 | D:8      | Reached skill level 5 in Necromancy
 17013 | D:8      | Reached skill level 5 in Translocations
 17013 | D:8      | Reached skill level 5 in Ice Magic
 17013 | D:8      | Reached skill level 5 in Air Magic
 17013 | D:8      | Reached skill level 5 in Earth Magic
 17013 | D:8      | Reached skill level 5 in Alchemy
 17062 | D:8      | Noticed a soul eater
 17071 | D:8      | Killed a kobold demonologist
 17072 | D:8      | Reached XP level 11. HP: 80/81 MP: 21/23
 18234 | D:5      | Killed jimmypageman's ghost
 18239 | D:5      | Killed flammie80's ghost
 18899 | D:9      | Noticed a two-headed ogre
 18928 | D:8      | HP: 4/81 [two-headed ogre/+0 giant spiked club (5)]
 18930 | D:8      | Killed a two-headed ogre
 20500 | D:9      | Reached skill level 9 in Ranged Weapons
 20597 | D:9      | Noticed a two-headed ogre
 20607 | D:9      | Killed a two-headed ogre
 20940 | D:9      | Found a runed translucent door.
 20942 | D:9      | Noticed markshark's ghost (novice MiFi)
 21739 | D:10     | Entered Level 10 of the Dungeon
 21795 | D:10     | Found a flagged portal.
 21816 | Bailey   | Entered a bailey
 22025 | Bailey   | Identified the +0 robe of Proximity {MP+9 Slay+3 Archmagi}
 22070 | Bailey   | Identified the ring "Cifun" {rElec rPois rCorr Str+2}
 22461 | Bailey   | Identified the +0 pair of boots "Jupoasch" {rC+ Int+2
                  | Dex+6}
 23654 | D:10     | Reached XP level 12. HP: 36/91 MP: 22/24
 24667 | D:10     | Found a staircase to the Lair.
 25203 | D:11     | Noticed a two-headed ogre
 25212 | D:11     | Killed a two-headed ogre
 25213 | D:11     | Reached skill level 10 in Ranged Weapons
 25541 | D:11     | Noticed a two-headed ogre
 25552 | D:11     | Killed a two-headed ogre
 25820 | D:11     | Found a staircase to the Orcish Mines.
 26472 | D:11     | Found a runed translucent gate.
 26475 | D:11     | Found a runed translucent gate.
 26476 | D:11     | Found a runed translucent gate.
 26587 | D:11     | Noticed Gastronok
 26609 | D:11     | Killed Gastronok
 26865 | D:11     | Identified the +1 helmet "Sounkuf" {rElec}
 27105 | D:11     | Noticed 0gre's ghost (journeyman GnIE)
 27145 | D:11     | Noticed a two-headed ogre
 27155 | D:11     | Killed a two-headed ogre
 27855 | D:12     | Found Ratzob's Antique Weapon Boutique.
 27924 | D:12     | Noticed a two-headed ogre
 27933 | D:12     | Killed a two-headed ogre
 28211 | D:12     | Reached skill level 11 in Ranged Weapons
 28964 | D:12     | Identified 2 scrolls of acquirement
 28965 | D:12     | Acquired the +1 pair of boots "Caneip" {Will++ Str+3 Int+5}
 29469 | D:12     | Killed from afar by a meliai

Illustrated notes

Levels and vault maps discovered:
D:1:      dpeg_arrival_shrine, layout_basic, serial_rivers,
          chequers_serial_rivers_marsh, chequers_serial_rivers_large_a,
          chequers_serial_rivers_marsh, chequers_serial_rivers_small_a,
          chequers_serial_rivers_micro_b
D:2:      layout_loops_ring, basic_ecumenical_altar, uniq_crazy_yiuf_cottage
D:3:      layout_basic, uniq_terence
D:4:      layout_loops_ring, minmay_temple_entry_oklob, minmay_manual_moon,
          uniq_robin, uniq_blork_the_orc
D:5:      layout_gridville, gammafunk_ghost_cemetery, minmay_misc_feat_tower,
          minmay_misc_feat_chi, uniq_ijyb, uniq_eustachio
D:6:      layout_basic, feat_on_display
D:7:      minmay_polygon_palace, layout_cave_pools,
          mainiacjoe_overflow_two_lobes
D:8:      lemuel_castle_with_subvaults [lemuel_castle_interior_carwin_1],
          layout_layer_cave, kennysheep_mini_moat, minmay_ruined_shrine,
          uniq_pikel
D:9:      layout_layer_cave, ebering_ghost_inner_flame, serial_park_tiny_1
D:10:     layout_roguey, lair_entry_dummy, enter_bailey_3, minivault_16
D:11:     layout_gridville, erik_orc_2, gammafunk_ghost_icy, uniq_gastronok
D:12:     layout_roguey, serial_shops, shop, gauntlet_entry_generic,
          minivault_7, uniq_frances, uniq_azrael
Temple:   hellmonk_temple_divided_pantheon

Skill      XL: |  1  2  3  4  5  6  7  8  9 10 11 12 |
---------------+-------------------------------------+-----
Conjurations   | 2 3 4 5 6 7 |  7.1
Spellcasting   | 5 6 7 8 9 |  9.6
Invocations    | 1 2 3 4 5 6 7 8 |  8.8
Fighting       | 1 2 3 5 6 7 8 |  8.1
Short Blades   | 1 2 3 5 6 7 8 |  8.1
Long Blades    | 1 2 3 5 6 7 8 |  8.1
Axes           | 1 2 3 5 6 7 8 |  8.1
Maces & Flails | 1 2 3 5 6 7 8 |  8.1
Polearms       | 1 2 3 5 6 7 8 |  8.1
Staves         | 1 2 3 5 6 7 8 |  8.1
Ranged Weapons | 1 2 3 4 6 8 9 11 | 11.1
Throwing       | 1 2 3 5 6 7 8 |  8.1
Armour         | 1 2 3 5 6 7 8 |  8.1
Shields        | 1 2 3 5 6 7 8 |  8.1
Unarmed Combat | 1 2 3 5 6 7 8 |  8.1
Evocations     | 1 2 3 5 6 7 8 |  8.1
Hexes          | 1 2 3 4 5 6 |  6.7
Summonings     | 1 2 3 4 5 6 |  6.7
Necromancy     | 1 2 3 4 5 6 |  6.7
Translocations | 1 2 3 4 5 6 |  6.7
Ice Magic      | 1 2 3 4 5 6 |  6.7
Air Magic      | 1 2 3 4 5 6 |  6.7
Earth Magic    | 1 2 3 4 5 6 |  6.7
Alchemy        | 1 2 3 4 5 6 |  6.7
Shapeshifting  | 1 2 3 4 5 6 7 |  7.3
Dodging        | 5 6 7 8 9 |  9.3
Stealth        | 5 6 7 8 9 |  9.2
Fire Magic     | 6 7 8 |  8.7

Action                     |  1- 3 |  4- 6 |  7- 9 | 10-12 || total
---------------------------+-------+-------+-------+-------++-------
  Melee: Quarterstaff      |     2 |       |       |       ||     2
         Long sword        |       |     3 |   226 |   887 ||  1116
         Bite              |       |     1 |    27 |   124 ||   152
         Punch             |       |       |     5 |    39 ||    44
  Throw: Dart              |       |       |       |    63 ||    63
         Boomerang         |       |       |       |    44 ||    44
         Throwing net      |       |       |       |     1 ||     1
   Cast: Foxfire           |    60 |    73 |    92 |    73 ||   298
         Scorch            |     5 |    10 |    19 |    26 ||    60
         Inner Flame       |       |       |     4 |       ||     4
  Evoke: Wand              |       |       |       |     6 ||     6
    Use: Scroll            |       |       |     8 |    16 ||    24
         Potion            |       |       |       |     7 ||     7
 Armour: Robe              |     3 |       |       |       ||     3
         Leather armour    |       |     5 |     2 |       ||     7
         Chain mail        |       |       |   273 |  1147 ||  1420
  Dodge: Dodged            |     4 |     4 |    82 |   363 ||   453
